 Dungeon Sprint DCSS version 0.29-a0-284-gf9362112df (webtiles) character file.

Game seed: 11360273609735783854

228 mhtbhm the Spear-Bearer (level 5, -4/84 HPs)
             Began as a Minotaur Berserker on Mar 26, 2022.
             Was an Elder of Trog.
             Slain by a fire elemental (10 damage)
             ... summoned by a deep elf pyromancer
             ... in the Dungeon (Sprint III: "The Ten Rune Challenge").
             The game lasted 00:00:51 (464 turns).

mhtbhm the Spear-Bearer (Minotaur Berserker)         Turns: 464, Time: 00:00:51

Health: -4/84      AC:  3    Str: 23    XL:     5   Next: 71%
Magic:  4/4        EV: 13    Int:  4    God:    Trog [****..]
Gold:   45         SH:  0    Dex: 10    Spells: 4/4 levels left

rFire   . . .      SeeInvis .   a - +0 spear
rCold   . . .      Faith    .   (no shield)
rNeg    . . .      Spirit   .   b - +0 animal skin
rPois   .          Reflect  .   (helmet restricted)
rElec   .          Harm     .   i - +0 cloak
rCorr   .          Rampage  .   (no gloves)
Will    .....      NoTele   +   (no boots)
Stlth   ..........              (no amulet)
HPRegen 0.24/turn               (no ring)
MPRegen 0.09/turn               (no ring)

@: berserking, on fire, glowing, very quick
A: horns 2, retaliatory headbutt
a: Renounce Religion, Berserk, Trog's Hand, Brothers in Arms


You were in the Dungeon.
You worshipped Trog.
Trog was greatly pleased with you.
You visited 1 branch You collected 45 gold pieces.

Inventory:

Hand Weapons
 a - a +0 spear (weapon)
Armour
 b - a +0 animal skin (worn)
 i - a +0 cloak (worn)
Wands
 p - a wand of iceblast (9)
Scrolls
 h - a scroll of blinking
 j - a scroll of torment {unknown}
 k - a scroll of identify {unknown}
 l - a scroll of holy word {unknown}
 m - a scroll of brand weapon {unknown}
Potions
 c - 3 potions of curing
 d - 2 potions of heal wounds
 e - a potion of haste
 f - 2 potions of magic
 g - a potion of berserk rage
 n - a potion of flight {unknown}
 o - 5 potions of mutation


   Skills:
 + Level 8.8 Fighting
 + Level 10.1 Polearms
 + Level 4.6 Armour
 + Level 5.6 Dodging


You had 4 spell levels left.
You didn't know any spells.
Your spell library was empty.

Dungeon Overview and Level Annotations

Branches:
Dungeon (1/1)

Altars:
Dithmenos
Elyvilon
Kikubaaqudgha
Ru
Sif Muna
Vehumet
Yredelemnul
Zin
The Shining One


Innate Abilities, Weirdness & Mutations

You have a pair of horns on your head.
You reflexively headbutt those who attack you in melee.


Message History

The fire elemental closely misses you. The fire elemental hits you.
The fire elemental burns you!
The deep elf pyromancer gestures wildly while chanting.
The deep elf pyromancer blinks!
You closely miss the fire elemental.
The fire elemental is moderately damaged.
The fire elemental hits you. The fire elemental burns you!
You are too injured to fight recklessly!
You are too injured to fight recklessly!
You are too injured to fight recklessly!
You are too injured to fight recklessly!
You are too injured to fight recklessly!
You are too injured to fight recklessly!
You are too injured to fight recklessly!
You are too injured to fight recklessly!
You are too injured to fight recklessly!
You are too injured to fight recklessly!
Unknown command.
A red film seems to cover your vision as you go berserk!
You feel yourself moving faster!
You feel mighty! The fire elemental misses you. You furiously retaliate!
You headbutt the fire elemental! The fire elemental barely misses you.
The fire elemental hits you. The fire elemental burns you!
* * * LOW HITPOINT WARNING * * *
Unknown command.
You feel a strong urge to attack something.
The fire elemental hits you. The fire elemental burns you!
* * * LOW HITPOINT WARNING * * *
You closely miss the deep elf pyromancer.
The deep elf pyromancer is moderately wounded.
You miss the deep elf pyromancer.
Your headbutt misses the deep elf pyromancer.
The deep elf pyromancer is moderately wounded.
The fire elemental barely misses you.
The deep elf pyromancer casts a spell at you.
The sticky flame hits you.
You are covered in liquid flames!
* * * LOW HITPOINT WARNING * * *
The fire elemental hits you. The fire elemental burns you!
You die...

▓▓▓▓▓▓▓ ▓▓▓ .'....♣♣♣
♣.##### #### .#....♣.♣
♣♣.#___# #__# ##.....♣♣
♣..#!.°# #._#
.#....≈.♣♣♣..###E#+###)##
.#...≈≈♣.♣♣♣.#..@E......#
.#..≈≈≈≈♣....'.⌠.e......#
†#..≈≈≈≈≈≈♣♣.#..)######+#
.#)≈≈≈≈≈≈....#.⌠.#
.#.≈≈≈≈≈.....#...#
.#.≈≈≈.......#'###
##...........#.).#
.............#___#
▓▓▓▓▓▓▓▓▓▓▓▓▓▓▓▓▓▓


You could see a deep elf pyromancer and 2 fire elementals.

Vanquished Creatures
  A water elemental (D)
  A necrophage (D)
  Crazy Yiuf (D)
  A wizard (D)
  A necromancer (D)
  A kobold demonologist (D)
  A human (D)
  An endoplasm (D)
  3 rats (D)
11 creatures vanquished.

Notes
Turn   | Place    | Note
-------+----------+-------------------------------------------
     0 | D        | mhtbhm the Minotaur Berserker began the quest for the Orb.
     0 | D        | Reached XP level 1. HP: 19/19 MP: 0/0
     5 | D        | Reached skill level 4 in Polearms
    15 | D        | Reached ** piety under Trog
    34 | D        | Noticed Crazy Yiuf
    45 | D        | Reached skill level 5 in Fighting
    45 | D        | Reached skill level 5 in Polearms
    45 | D        | Reached XP level 2. HP: 29/29 MP: 1/1
    47 | D        | Killed Crazy Yiuf
    48 | D        | Reached skill level 6 in Polearms
    48 | D        | Reached XP level 3. HP: 37/37 MP: 2/2
   139 | D        | Noticed a water elemental
   146 | D        | Killed a water elemental
   146 | D        | Reached *** piety under Trog
   147 | D        | Reached skill level 8 in Polearms
   147 | D        | Reached XP level 4. HP: 47/47 MP: 3/3
   221 | D        | Found a basalt altar of Yredelemnul.
   221 | D        | Found a shadowy altar of Dithmenos.
   221 | D        | Found a sacrificial altar of Ru.
   221 | D        | Noticed a necrophage
   236 | D        | Killed a necrophage
   237 | D        | Reached skill level 9 in Polearms
   237 | D        | Reached skill level 5 in Dodging
   237 | D        | Reached XP level 5. HP: 31/56 MP: 4/4
   375 | D        | Found a radiant altar of Vehumet.
   375 | D        | Found a shimmering blue altar of Sif Muna.
   375 | D        | Found an ancient bone altar of Kikubaaqudgha.
   387 | D        | Reached **** piety under Trog
   426 | D        | Noticed a neqoxec
   436 | D        | Reached skill level 10 in Polearms
   453 | D        | Found a glowing silver altar of Zin.
   453 | D        | Found a glowing golden altar of the Shining One.
   453 | D        | Found a white marble altar of Elyvilon.
   454 | D        | Noticed a deep elf pyromancer
   457 | D        | Noticed a fire elemental
   457 | D        | Noticed a fire elemental
   464 | D        | Slain by a fire elemental

Illustrated notes

Levels and vault maps discovered:
D:        dungeon_sprint_mu [sprint_mu_entry_forest, sprint_mu_temple_rooms,
          sprint_mu_d1_horrors, sprint_mu_d2_genie, sprint_mu_d3_branching,
          sprint_mu_orc_legion, sprint_mu_elf_gauntlet, sprint_mu_hive_nellie,
          sprint_mu_lair_fedhas, sprint_mu_vaults_butterflies,
          sprint_mu_slime_circle, sprint_mu_swamp_cave, sprint_mu_snake_twists,
          sprint_mu_blade_basic, sprint_mu_crypt_chambers,
          sprint_mu_tomb_spiral, sprint_mu_vestibule_basic,
          sprint_mu_gehenna_hellfire, sprint_mu_dis_giant,
          sprint_mu_tartarus_statrot, sprint_mu_cocytus_islands, sprint_mu_zot1]

Skill      XL: |  1  2  3  4  5 |
---------------+----------------+-----
Fighting       | 5 6 7 8 |  8.8
Polearms       | 5 6 8 9 10 | 10.1
Armour         | 3 4 |  4.6
Dodging        | 3 4 5 |  5.6

Action                   |  1- 3 |  4- 6 || total
-------------------------+-------+-------++-------
Melee: Spear             |    24 |    44 ||    68
       Headbutt          |     2 |     9 ||    11
       Punch             |     1 |       ||     1
Invok: Berserk           |     2 |     1 ||     3
Armor: Animal skin       |       |     6 ||     6
Dodge: Dodged            |     6 |    12 ||    18

Table legend: (Time is in decaauts)
 A = Elapsed time spent in this place.
 B = Non-inter-level travel time spent in this place.
 C = Inter-level travel time spent in this place.
 D = Time resting spent in this place.
 E = Time spent auto-exploring this place.
 F = Levels seen in this place.
 G = Mean time per level.
                   A        B        C        D        E       F      G
               +--------+--------+--------+--------+--------+-----+--------+
         Total |    463 |    463 |      0 |    216 |     74 |   1 |  463.0 |
       Dungeon |    463 |    463 |      0 |    216 |     74 |   1 |  463.0 |
               +--------+--------+--------+--------+--------+-----+--------+

Top non-repeatable levels by time:
       D: 463 daAuts
